 Dungeon Crawl Stone Soup version 0.29-a0-887-gcbe080d7e0 (webtiles) character file.

Game seed: 2783395772746002234

418 LynnLen the Fighter (level 6, 0/49 HPs)
             Began as a Vampire Enchanter on July 21, 2022.
             Was an Initiate of Dithmenos.
             Slain by a gnoll bouda
             ... wielding a +0 whip
              (7 damage)
             ... on level 4 of the Dungeon.
             The game lasted 00:09:59 (4118 turns).

LynnLen the Fighter (Vampire Enchanter)             Turns: 4118, Time: 00:10:00

Health: 0/49       AC: 14    Str:  3 (7)  XL:     6   Next: 61%
Magic:  0/9        EV: 11    Int: 22 (23) God:    Dithmenos [......]
Gold:   218        SH:  4    Dex: 18 (19) Spells: 9/9 levels left

rFire   . . .      SeeInvis +   a - +1 dagger
rCold   + + .      Faith    .   n - +0 buckler
rNeg    + + +      Spirit   +   s - +3 leather armour
rPois   ∞          Reflect  .   B - +2 helmet
rElec   .          Harm     .   (no cloak)
rCorr   .          Rampage  .   e - +0 pair of gloves
Will    .....                   (no boots)
Stlth   ++++++....              l - amulet of guardian spirit
HPRegen 0.00/turn               o - +6 ring of intelligence
MPRegen 0.11/turn               y - +4 ring of protection

@: flying, bloodless, inhibited regen
A: bloodless, fangs 3, see invisible, vampiric 2, thin skeletal structure 1,
deterioration 1
a: Bat Form, Revivify, Renounce Religion


You were on level 4 of the Dungeon.
You worshipped Dithmenos.
Dithmenos was noncommittal.
You visited 2 branches of the dungeon, and saw 5 of its levels.

You collected 218 gold pieces.

Inventory:

Hand Weapons
 a - a +1 dagger (weapon)
Missiles
 z - 4 poisoned darts (quivered)
Armour
 b - a +0 robe
 e - a +0 pair of gloves (worn)
 n - a +0 buckler (worn)
 s - a +3 leather armour (worn)
 B - a +2 helmet (worn)
Jewellery
 k - a ring of protection from cold
 l - an amulet of guardian spirit (around neck)
 o - a +6 ring of intelligence (left hand)
 t - a ring of willpower
 y - a +4 ring of protection (right hand)
 A - a ring of protection from cold
Wands
 q - a wand of polymorph (25)
Scrolls
 x - a scroll of identify {unknown}
 C - a scroll of silence {unknown}
Potions
 c - a potion of invisibility
 g - a potion of degeneration
 h - a potion of mutation
 i - a potion of berserk rage {unknown}
 m - a potion of heal wounds {unknown}
 r - a potion of ambrosia {unknown}
 u - a potion of might {unknown}
 v - a potion of lignification {unknown}
 w - a potion of resistance {unknown}


   Skills:
 * Level 11.0 Fighting
 * Level 3.7 Short Blades
 + Level 3.1 Dodging
 + Level 6.8 Stealth
 - Level 2.0 Spellcasting
 - Level 4.4 Hexes


You had 9 spell levels left.
You didn't know any spells.
Your spell library contained the following spells:

 Spells                   Type           Power      Damage    Failure   Level
 Confusing Touch          Hex            21%        N/A       19%         3
 Tukima's Dance           Hex            21%        N/A       19%         3
 Ensorcelled Hibernation  Hex/Ice        22%        N/A       22%         2
 Freeze                   Ice            8%         1d3       36%         1
 Dazzling Flash           Conj/Hex       22%        N/A       41%         3
 Frozen Ramparts          Ice            4%         1d2       73%         3
 Hailstorm                Conj/Ice       2%         3d3       98%         4


Dungeon Overview and Level Annotations

Branches:
Dungeon (4/15)             Temple (1/1) D:4

Altars:
Dithmenos
Hepliaklqana
Nemelex Xobeh
Okawaru
Qazlal
Wu Jian
Xom

Annotations:
D:3 3 runed translucent doors, BeAPotato's ghost, amateur GrEE


Innate Abilities, Weirdness & Mutations

You do not regenerate when monsters are visible.
You are frail without blood (-20% HP).
You can heal yourself when you bite living creatures.
You are immune to poison.
You have razor-sharp teeth.
You have supernaturally acute eyesight. (SInv)
You are afflicted with vampirism and can become a bat while bloodless.
You have a somewhat thin skeletal structure. (Dex +2, Stealth+)
Your body sometimes deteriorates upon taking damage.


Message History

The gnoll hits you from afar with a +0 spear.
The gnoll bouda barely misses you.
You hit the gnoll bouda. Your bite misses the gnoll bouda.
The gnoll bouda is heavily wounded.
You block the gnoll's attack. The gnoll barely misses you.
The gnoll bouda hits you with a +0 whip.
You hit the gnoll bouda. Your bite misses the gnoll bouda.
The gnoll bouda is severely wounded.
The gnoll closely misses you.
The gnoll hits you from afar with a +0 spear.
* * * LOW HITPOINT WARNING * * *
You closely miss the gnoll bouda.
The gnoll bouda is severely wounded.
The gnoll bouda closely misses you. The gnoll completely misses you.
The gnoll hits you but does no damage.
Okay, then.
You feel better.
The gnoll bouda hits you with a +0 whip.
The gnoll hits you with a +0 club.
* * * LOW HITPOINT WARNING * * *
The gnoll closely misses you.
It was a potion of mutation.
You feel extremely strange.
Your bones become slightly less dense.
You feel yourself wasting away.
The gnoll bouda hits you with a +0 whip.
* * * LOW HITPOINT WARNING * * *
The gnoll closely misses you. The gnoll hits you but does no damage.
It was a potion of experience.
You feel more experienced!
Your Fighting skill gained 10 levels and is now at level 11!
You have reached level 6!
You hear the rapid rusting of a very distant drain.
The gnoll bouda hits you with a +0 whip!
* * * LOW HITPOINT WARNING * * *
Your body deteriorates!
You feel weakened.
The gnoll hits you but does no damage. x2
It was a potion of flight.
You feel very buoyant.
You fly up into the air.
The gnoll is no longer moving quickly.
The gnoll bouda hits you with a +0 whip!
You die...

#............†#.......).....#
#...............#.#.>.#.##..#
############.##.#.#...#....##
#........#....#.#
#...#.##.#.##.#.#
#...#...........##
#g#....##.#.#.#..#
#g#.##....#.#.#..'
#@g..............#
###.##...........#
#..............#
####...........#
#...........# #############


You could see a gnoll bouda and 2 gnolls.

Vanquished Creatures
  A scorpion (D:4)
  An orc priest (D:4)
  A gnoll (D:4)
  3 adders
  3 dart slugs
  4 orcs (D:4)
  9 endoplasms
  2 giant cockroaches
  7 goblins
  11 hobgoblins
  3 jackals (D:1)
  5 kobolds
  3 quokkas
  8 ball pythons
  8 bats
  3 frilled lizards
  5 rats
77 creatures vanquished.

Notes
Turn   | Place    | Note
-------+----------+-------------------------------------------
     0 | D:1      | LynnLen the Vampire Enchanter began the quest for the Orb.
     0 | D:1      | Reached XP level 1. HP: 13/13 MP: 3/3
   191 | D:1      | Reached XP level 2. HP: 7/16 MP: 5/5
   414 | D:1      | Reached skill level 5 in Stealth
   939 | D:1      | Found a faded altar of an unknown god.
  1154 | D:1      | Gained mutation: You are afflicted with vampirism and can
                  | become a bat while bloodless. [Vampire growth]
  1154 | D:1      | Reached XP level 3. HP: 16/20 MP: 6/6
  1345 | D:1      | Reached skill level 1 in Fighting
  2546 | D:2      | Reached XP level 4. HP: 20/25 MP: 7/7
  2971 | D:2      | Identified a scroll of acquirement
  2971 | D:2      | Acquired an amulet of guardian spirit
  3543 | D:3      | Found a runed translucent gate.
  3544 | D:3      | Found a runed translucent gate.
  3545 | D:3      | Found a runed translucent gate.
  3547 | D:3      | Noticed BeAPotato's ghost (amateur GrEE)
  3653 | D:4      | Noticed a necrophage
  3702 | D:4      | Noticed a scorpion
  3709 | D:4      | Killed a scorpion
  3710 | D:4      | Reached XP level 5. HP: 29/29 MP: 8/8
  3754 | D:4      | Identified the +4 ring mail of Disappointment {rElec rF-
                  | Str+10}
  3766 | D:4      | Found a staircase to the Ecumenical Temple.
  3779 | Temple   | Entered the Ecumenical Temple
  3878 | Temple   | Became a worshipper of Dithmenos the Shadowed
  4116 | D:4      | Gained mutation: You have a somewhat thin skeletal
                  | structure. (Dex +2, Stealth+) [potion of mutation]
  4116 | D:4      | Gained mutation: Your body sometimes deteriorates upon
                  | taking damage. [potion of mutation]
  4117 | D:4      | Reached skill level 11 in Fighting
  4117 | D:4      | Reached XP level 6. HP: 13/49 MP: 1/9
  4118 | D:4      | Slain by a gnoll bouda

Illustrated notes

Levels and vault maps discovered:
D:1:      spicycebolla_green_bress_n_ham_2, layout_basic,
          ebering_ecumenical_altar_hall, patterned_corridor
D:2:      layout_basic, minmay_heptomino_o4
D:3:      layout_rooms, gammafunk_ghost_necromancy, uniq_crazy_yiuf_cottage
D:4:      layout_basic, minmay_temple_entry_ruins, portal_sewer_entry_c,
          minmay_statues_item
Temple:   nicolae_temple_slightly_damp_pantheon

Skill      XL: |  1  2  3  4  5 |
---------------+----------------+-----
Stealth        | 5 6 |  6.8
Fighting       | 1 11 | 11.0
Short Blades   | 2 3 |  3.7
Dodging        | 3 |  3.1
Spellcasting   | |  2.0
Hexes          | |  4.4

Action                   |  1- 3 |  4- 6 || total
-------------------------+-------+-------++-------
Melee: Dagger            |   118 |   107 ||   225
       Bite              |    12 |    10 ||    22
 Abil: Exsanguinate      |     1 |       ||     1
  Use: Scroll            |     3 |     6 ||     9
       Potion            |       |     7 ||     7
 Stab: Sleeping          |    17 |    11 ||    28
       Invisible         |       |     1 ||     1
Armor: Robe              |    23 |    10 ||    33
       Leather armour    |       |    36 ||    36
Dodge: Dodged            |    67 |   113 ||   180
Block: Buckler           |       |    17 ||    17

Table legend: (Time is in decaauts)
 A = Elapsed time spent in this place.
 B = Non-inter-level travel time spent in this place.
 C = Inter-level travel time spent in this place.
 D = Time resting spent in this place.
 E = Time spent auto-exploring this place.
 F = Levels seen in this place.
 G = Mean time per level.
                   A        B        C        D        E       F      G
               +--------+--------+--------+--------+--------+-----+--------+
         Total |   4097 |   4097 |      0 |      0 |   2593 |   5 |  819.4 |
       Dungeon |   3965 |   3965 |      0 |      0 |   2531 |   4 |  991.2 |
        Temple |    131 |    131 |      0 |      0 |     62 |   1 |  131.0 |
               +--------+--------+--------+--------+--------+-----+--------+

Top non-repeatable levels by time:
     D:1: 1883 daAuts
     D:2: 1122 daAuts
     D:3: 560 daAuts
     D:4: 399 daAuts
  Temple: 131 daAuts
